 Dungeon Crawl Stone Soup version 0.22-a0-480-g991dd4b (webtiles) character file.

5444 AsandaNima the Fighter (level 10, 0/145 HPs)
             Began as a Minotaur Berserker on June 16, 2018.
             Was an Elder of Trog.
             Killed by vampiric draining
             ... invoked by a vampire
              (9 damage)
             ... on level 9 of the Dungeon.
             The game lasted 00:47:25 (8880 turns).

AsandaNima the Fighter (Minotaur Berserker)         Turns: 8880, Time: 00:47:26

Health: 0/145      AC: 12    Str: 28    XL:     10   Next: 41%
Magic:  9/9        EV:  8    Int:  4    God:    Trog [****..]
Gold:   528        SH:  5    Dex: 12    Spells: 9/9 levels left

rFire    . . .     SeeInvis .   a - +1 hand axe
rCold    + . .     Gourm    .   t - +0 buckler
rNeg     . . .     Faith    .   u - +0 plate armour {rC+}
rPois    .         Spirit   .   (helmet restricted)
rElec    .         Reflect  .   (no cloak)
rCorr    .         Harm     .   (no gloves)
MR       ++...                  (no boots)
Stlth    ..........             l - amulet of regeneration
HPRegen  1.74/turn              v - ring of stealth
MPRegen  0.11/turn              z - ring of flight

@: berserking, regenerating, very quick
A: retaliatory headbutt, horns 2
a: Berserk, Trog's Hand, Brothers in Arms, Renounce Religion, Evoke Flight


You were on level 9 of the Dungeon.
You worshipped Trog.
Trog was greatly pleased with you.
You were near starving.

You visited 2 branches of the dungeon, and saw 10 of its levels.

You collected 528 gold pieces.

Inventory:

Hand Weapons
 a - a +1 hand axe (weapon)
Armour
 j - a +0 troll leather armour
 t - a +0 buckler (worn)
 u - a +0 plate armour of cold resistance (worn)
Jewellery
 l - an amulet of regeneration (around neck)
 v - a ring of stealth (left hand)
 z - a ring of flight (right hand)
 B - an uncursed amulet of harm {unknown}
Wands
 o - a wand of iceblast (10)
 A - a wand of random effects (25)
 D - a wand of polymorph (11)
 E - a wand of enslavement (14)
Scrolls
 b - a scroll of fear
 d - a scroll of noise {unknown}
 f - 2 scrolls of enchant weapon
 h - a scroll of remove curse
 k - 3 scrolls of teleportation
 x - a scroll of fog
 y - a scroll of magic mapping {unknown}
 C - a scroll of identify
Potions
 e - a potion of ambrosia
 g - 2 potions of curing {unknown}
 i - a potion of degeneration {unknown}
 m - a potion of resistance {unknown}
 n - 2 potions of haste
 p - 3 potions of might {unknown}
 q - a potion of flight {unknown}
 r - a potion of mutation {unknown}
 s - a potion of lignification {unknown}
 w - 2 potions of brilliance {unknown}
 G - a potion of berserk rage {unknown}
 H - a potion of agility {unknown}
Comestibles
 c - 14 rations
 F - 9 chunks of flesh


   Skills:
 + Level 12.2 Fighting
 + Level 12.2 Axes
 + Level 6.5 Armour
 - Level 2.3 Dodging
 - Level 4.4 Shields


You had 9 spell levels left.
You didn't know any spells.
Your spell library was empty.

Dungeon Overview and Level Annotations

Branches:
Dungeon (9/15)             Temple (1/1) D:6            Lair (0/6) D:8
    Orc: D:9-12

Altars:
Ashenzari
Cheibriados
Dithmenos
Elyvilon
Fedhas
Gozag
Hepliaklqana
Kikubaaqudgha
Makhleb
Nemelex Xobeh
Okawaru
Qazlal
Ru
Sif Muna
Trog
Uskayaw
Vehumet
Wu Jian
Xom
Yredelemnul
Zin
The Shining One

Annotations:
D:9 1 transporter


Innate Abilities, Weirdness & Mutations

You reflexively headbutt those who attack you in melee.
You have a pair of horns on your head.


Message History

You hit something. Something hits you!
* * * LOW HITPOINT WARNING * * *
Something bites you.
* * * LOW HITPOINT WARNING * * *
Something draws strength from your injuries!
You barely miss something. You closely miss something. You slash something!
Your headbutt misses something. Something hits you.
* * * LOW HITPOINT WARNING * * *
Something bites you.
* * * LOW HITPOINT WARNING * * *
Something draws strength from your injuries!
You hit something. You barely miss something. You headbutt something.
Something hits you but does no damage. Something bites you but does no damage.
You miss something. You slash something! You hit something but do no damage.
You headbutt something.
Unholy energy fills the air.
You die...

#.....................
#......##.............
####...##.............
#...#..............
###.....#..........
#.....#..........
#....#...........
######..{#####...
#...@#......
##..........
#..........
###........ ....#....
....#.... ...##. .#.
#### .. # ...


There were no monsters in sight!

Vanquished Creatures
  A two-headed ogre (D:8)
  3 hippogriffs
  A wyvern (D:8)
  A spriggan (D:7)
  Menkaure (D:5)
  A hungry ghost (D:7)
  3 water moccasins
  2 orc warriors
  3 sky beasts
  A black bear (D:6)
  9 ogres
  An ice beast (D:7)
  A phantom (D:9)
  5 bullfrogs
  A big kobold (D:8)
  2 wyvern skeletons
  4 killer bees (D:7)
  A howler monkey (D:7)
  6 crimson imps
  A quasit (D:7)
  2 jellies
  8 orc priests
  5 hounds
  3 orc wizards (D:9)
  2 bullfrog skeletons
  A centaur skeleton (D:6)
  An iguana (D:6)
  6 worker ants
  A hound skeleton (D:8)
  3 gnolls (D:7)
  A howler monkey skeleton (D:8)
  2 adders
  2 shadow imps
  2 oozes
  An adder skeleton (D:4)
  A worm (D:5)
  A dart slug (D:2)
  3 leopard geckos
  26 orcs
  2 ball pythons
  4 giant cockroaches
  8 goblins
  11 hobgoblins
  8 jackals
  4 quokkas
  5 bats
  4 frilled lizards
  A giant cockroach zombie (D:5)
  A jackal skeleton (D:4)
  10 kobolds
  6 rats
  A spectral orc (D:8)
184 creatures vanquished.

Notes
Turn   | Place    | Note
-------+----------+-------------------------------------------
     0 | D:1      | AsandaNima the Minotaur Berserker began the quest for the Orb.
     0 | D:1      | Reached XP level 1. HP: 19/19 MP: 0/0
   433 | D:1      | Reached XP level 2. HP: 27/27 MP: 1/1
   939 | D:1      | Reached XP level 3. HP: 33/33 MP: 2/2
  1050 | D:2      | Reached ** piety under Trog
  1347 | D:2      | Found a deep blue altar of Sif Muna.
  1455 | D:2      | Found a sparkling altar of Nemelex Xobeh.
  1764 | D:3      | Reached XP level 4. HP: 31/41 MP: 3/3
  1915 | D:3      | Reached skill level 5 in Fighting
  1915 | D:3      | Reached skill level 5 in Axes
  2329 | D:3      | Reached XP level 5. HP: 24/48 MP: 4/4
  2609 | D:4      | Noticed a sky beast
  2620 | D:4      | Killed a sky beast
  2744 | D:4      | Found a shimmering altar of Xom.
  2749 | D:4      | Noticed an ogre
  3307 | D:4      | Reached XP level 6. HP: 57/57 MP: 5/5
  3684 | D:5      | Entered Level 5 of the Dungeon
  3684 | D:5      | Noticed Menkaure
  3865 | D:5      | Killed Menkaure
  3865 | D:5      | Reached XP level 7. HP: 54/66 MP: 6/6
  4085 | D:5      | Found a radiant altar of Vehumet.
  4214 | D:5      | Reached *** piety under Trog
  4391 | D:5      | Found a sacrificial altar of Ru.
  4675 | D:6      | Noticed a hippogriff
  4756 | D:6      | Found a staircase to the Ecumenical Temple.
  4762 | D:6      | Reached XP level 8. HP: 73/75 MP: 7/7
  4766 | Temple   | Entered the Ecumenical Temple
  5383 | D:6      | Killed a hippogriff
  5478 | D:6      | Reached skill level 10 in Fighting
  5506 | D:6      | Reached skill level 10 in Axes
  5562 | D:6      | Found a glowing golden altar of the Shining One.
  5562 | D:6      | Found an iron altar of Okawaru.
  5768 | D:7      | Reached XP level 9. HP: 82/86 MP: 8/8
  6113 | D:7      | Found a glowing silver altar of Zin.
  6113 | D:7      | Found a burning altar of Makhleb.
  6114 | D:7      | Noticed a cacodemon
  6114 | D:7      | Noticed an angel
  6371 | D:7      | Reached skill level 1 in Shields
  6692 | D:7      | Reached **** piety under Trog
  7080 | D:8      | Found a shadowy altar of Dithmenos.
  7138 | D:8      | Found a stormy altar of Qazlal.
  7577 | D:8      | Noticed a two-headed ogre
  7597 | D:8      | HP: 6/133 [two-headed ogre/giant spiked club (9)]
  7598 | D:8      | Killed a two-headed ogre
  7598 | D:8      | Reached skill level 5 in Armour
  7598 | D:8      | Reached XP level 10. HP: 6/97 MP: 9/9
  7847 | D:8      | Found a basalt altar of Yredelemnul.
  7963 | D:8      | Found a staircase to the Lair.
  8312 | D:9      | Found a transporter.
  8875 | D:9      | HP: 6/145 [something (4)]
  8880 | D:9      | Killed from afar by a vampire

Vault maps used:
D:1:      dpeg_arrival_rhombus, hangedman_abyss_or_decor_lesser_grid,
          st_stairs_4
D:2:      nemelex_xobeh_ov_fountains_minmay, led_sif_pool, minmay_curled_crystal
D:3:      first_ration
D:4:      kennysheep_mini_moat, minivault_5
D:5:      lemuel_crystal_altar, minivault_4, lemuel_tele_altar, uniq_menkaure
D:6:      gammafunk_temple_overflow_wave, minmay_temple_entry_trees
D:7:      grunt_temple_overflow_order_and_chaos_2, the_bakery,
          grunt_ministairs_5
D:8:      nicolae_dithmenos_the_darkroom, yredelemnul_forgotten_temple_becter,
          lair_entry_dummy, basic_altar
D:9:      gammafunk_corrupted_shrine
Temple:   minmay_temple_bridge_abc

Skill      XL: |  1  2  3  4  5  6  7  8  9 10 |
---------------+-------------------------------+-----
Fighting       | 4 5 6 7 8 10 11 12 | 12.2
Axes           | 4 5 6 7 8 10 11 12 | 12.2
Armour         | 5 6 |  6.5
Shields        | 4 |  4.4
Dodging        | |  2.3

Action                   |  1- 3 |  4- 6 |  7- 9 | 10-12 || total
-------------------------+-------+-------+-------+-------++-------
Melee: Hand axe          |    96 |    78 |   318 |   153 ||   645
       Headbutt          |    16 |    16 |    61 |    43 ||   136
Invok: Trog's Hand       |       |     1 |     3 |     1 ||     5
       Berserk           |       |       |     2 |     1 ||     3
  Use: Scroll            |       |     9 |       |     2 ||    11
       Potion            |       |       |     2 |     1 ||     3
  Eat: Chunk             |     3 |     7 |     8 |     5 ||    23
       Ration            |       |       |     2 |       ||     2
Armor: Leather armour    |     1 |       |       |       ||     1
       Troll leather arm |    20 |       |       |       ||    20
       Plate armour      |       |    37 |   165 |    79 ||   281
Dodge: Dodged            |    61 |    18 |   102 |    35 ||   216
Block: Buckler           |       |     8 |    44 |    24 ||    76

Table legend:
 A = Spawn XP
 B = Non-spawn XP
 C = Spawn XP percentage of total XP
 D = Spawn monster count
 E = Non-spawn monster count
 F = Spawn count percentage of total count
 G = Total turns spent on level
                    A         B        C        D         E        F      G
               +---------+---------+-------+---------+---------+-------+---------
         Total |       0 |    7778 |   0.0 |       0 |     184 |   0.0 |  8880
               +---------+---------+-------+---------+---------+-------+---------
           D:1 |       0 |      41 |   0.0 |       0 |      22 |   0.0 |   992
           D:2 |       0 |      51 |   0.0 |       0 |      24 |   0.0 |   691
           D:3 |       0 |     113 |   0.0 |       0 |      14 |   0.0 |   897
           D:4 |       0 |     499 |   0.0 |       0 |      10 |   0.0 |  1211
           D:5 |       0 |     609 |   0.0 |       0 |      24 |   0.0 |   931
           D:6 |       0 |    1165 |   0.0 |       0 |      18 |   0.0 |   779
           D:7 |       0 |    1590 |   0.0 |       0 |      26 |   0.0 |  1193
           D:8 |       0 |    1944 |   0.0 |       0 |      18 |   0.0 |  1300
           D:9 |       0 |    1766 |   0.0 |       0 |      28 |   0.0 |   691
               +---------+---------+-------+---------+---------+-------+---------
